Map: 벨시르 잔재 (공허)

Players

Patience - Winner!

  • Race: Protoss Protoss
  • Spawn Location: 5:00

Serral

  • Race: Zerg Zerg
  • Spawn Location: 11:00

Event: IEM XI Katowice - World Championship 2017

VOD

Have the link to the VOD?

Description

Time

  • Played on: March 2, 2017, 8:38 p.m.
  • Length: 21:42

All games in this series

Show
View Real Time Build Order
Export as new Build Order

Patience Protoss - Winner!

Build Orders: 1 Gate Expand, Oracle Opening, Phoenix Opening 

Get SALT Encoding   

  12  0:01  Probe (Chrono Boost)  
  13  0:12  Probe (Chrono Boost)  
  14  0:20  Pylon  
  14  0:22  Probe (Chrono Boost)  
  15  0:38  Probe (Chrono Boost)  
  15  0:41  Gateway  
  16  0:49  Probe (Chrono Boost)  
  17  0:50  Assimilator  
  17  0:59  Probe (Chrono Boost)  
  18  1:10  Probe (Chrono Boost)  
  19  1:20  Probe (Chrono Boost)  
  19  1:23  Nexus  
  20  1:33  Cybernetics Core  
  20  1:36  Probe (Chrono Boost)  
  21  1:42  Assimilator  
  22  1:47  Probe (Chrono Boost)  
  22  1:53  Pylon  
  22  1:57  Probe (Chrono Boost)  
  23  2:07  Adept  
  23  2:13  Probe (Chrono Boost)  
  26  2:19  Stargate  
  26  2:25  Probe (Chrono Boost)  
  27  2:31  Adept  
  27  2:32  Warp Gate  
  27  2:36  Probe (Chrono Boost)  
  31  2:37  Probe (Chrono Boost)  
  31  2:47  Probe (Chrono Boost)  
  31  2:49  Probe (Chrono Boost)  
  33  2:57  Probe (Chrono Boost)  
  33  2:58  Adept  
  34  3:00  Oracle  
  34  3:01  Probe (Chrono Boost)  
  40  3:08  Probe (Chrono Boost)  
  42  3:13  Probe (Chrono Boost)  
  42  3:18  Probe (Chrono Boost)  
  43  3:21  Pylon  
  43  3:25  Probe (Chrono Boost)  
  43  3:26  Gateway  
  44  3:29  Mothership Core (Chrono Boost)  
  46  3:37  Gateway  
  46  3:41  Phoenix, Probe (Chrono Boost)  
  49  3:49  Probe (Chrono Boost)  
  49  3:53  Probe (Chrono Boost)  
  51  3:59  Pylon  
  51  4:00  Pylon, Probe (Chrono Boost)  
  52  4:05  Probe (Chrono Boost)  
  53  4:10  Probe (Chrono Boost)  
  53  4:11  Nexus  
  54  4:17  Probe (Chrono Boost)  
  54  4:20  Pylon  
  54  4:21  Probe (Chrono Boost)  
  54  4:22  Pylon  
  56  4:28  Probe (Chrono Boost)  
  57  4:32  Twilight Council, Forge  
  57  4:33  Probe (Chrono Boost)  
  59  4:38  Probe (Chrono Boost)  
  59  4:43  Assimilator, Probe (Chrono Boost)  
  59  4:45  Assimilator  
  60  4:49  Probe (Chrono Boost)  
  61  4:53  Robotics Facility  
  61  4:55  Adept x2  
  61  4:57  Adept  
  61  4:59  Probe (Chrono Boost)  
  68  5:01  Probe (Chrono Boost)  
  68  5:03  Protoss Ground Weapons Level 1  
  68  5:04  Resonating Glaives  
  69  5:09  Probe (Chrono Boost)  
  69  5:11  Pylon  
  69  5:12  Probe (Chrono Boost)  
  71  5:20  Probe (Chrono Boost)  
  71  5:21  Adept  
  74  5:22  Probe (Chrono Boost)  
  72  5:32  Probe x2 (Chrono Boost)  
  72  5:33  Probe (Chrono Boost)  
  72  5:35  Gateway x2  
  63  5:37  Sentry  
  63  5:41  Warp Prism  
  65  5:44  Gateway  
  67  5:52  Gateway  
  67  5:53  Gateway  
  67  5:55  Sentry x2  
  71  5:59  Probe x2 (Chrono Boost)  
  71  6:00  Probe (Chrono Boost)  
  71  6:03  Sentry  
  76  6:11  Pylon  
  76  6:12  Pylon  
  76  6:15  Probe x2 (Chrono Boost)  
  76  6:16  Assimilator, Probe (Chrono Boost)  
  76  6:18  Assimilator, Pylon  
  79  6:20  Warp Prism  
  79  6:23  Adept x2  
  85  6:28  Adept  
  85  6:29  Dark Shrine  
  88  6:40  Probe x3 (Chrono Boost)  
  88  6:41  Adept x2  
  88  6:42  Adept  
  88  6:44  Adept x2  
  98  6:48  Adept x2  
  102  6:54  Adept  
  104  7:07  Adept x2  
  104  7:08  Adept x3  
  114  7:10  Adept x2  
  117  7:24  Adept  
  103  7:31  Adept x4  
  103  7:32  Adept x3  
  98  7:46  Dark Templar, Probe x3 (Chrono Boost)  
  98  7:47  Nexus  
  98  7:56  Dark Templar x3  
  98  7:58  Dark Templar x3  
  102  7:59  Dark Templar  
  102  8:05  Probe x2 (Chrono Boost)  
  98  8:07  Robotics Facility, Immortal  
  98  8:23  Dark Templar  
  98  8:29  Stalker x3  
  98  8:32  Stalker  
  89  8:41  Stalker x2  
  89  8:45  Probe x2 (Chrono Boost)  
  89  8:46  Probe (Chrono Boost)  
  82  9:01  Stalker  
  82  9:02  Stalker  
  85  9:03  Stalker x2, Photon Cannon  
  85  9:05  Stalker  
  87  9:14  Probe (Chrono Boost)  
  87  9:15  Blink, Probe x2 (Chrono Boost)  
  87  9:16  Probe (Chrono Boost)  
  93  9:33  Stalker x2  
  93  9:34  Stalker  
  93  9:35  Stalker  
  90  9:46  Stalker x2  
  90  9:47  Stalker  
  90  9:52  Probe x3 (Chrono Boost)  
  96  9:56  Probe (Chrono Boost)  
  94  10:03  Probe x2 (Chrono Boost)  
  94  10:05  Probe (Chrono Boost)  
  97  10:12  Observer x2, Probe (Chrono Boost)  
  97  10:13  Pylon, Probe (Chrono Boost)  
  99  10:18  Probe (Chrono Boost)  
  98  10:27  Probe (Chrono Boost)  
  98  10:28  Pylon  
  99  10:30  Probe (Chrono Boost)  
  99  10:31  Probe (Chrono Boost)  
  99  10:32  Probe (Chrono Boost)  
  99  10:34  Stalker x2  
  99  10:35  Stalker x3  
  112  10:37  Adept  
  112  10:39  Probe (Chrono Boost)  
  112  10:40  Probe (Chrono Boost)  
  116  10:45  Stalker  
  116  10:50  Stalker  
  116  10:52  Probe (Chrono Boost)  
  116  10:53  Probe (Chrono Boost)  
  116  10:54  Probe (Chrono Boost)  
  121  11:02  Probe (Chrono Boost)  
  122  11:04  Probe (Chrono Boost)  
  120  11:19  Probe (Chrono Boost)  
  120  11:20  Probe (Chrono Boost)  
  120  11:21  Probe (Chrono Boost)  
  120  11:25  Protoss Ground Weapons Level 2  
  121  11:27  Stalker x6  
  121  11:29  Zealot x2  
  121  11:30  Probe (Chrono Boost)  
  121  11:31  Pylon  
  121  11:32  Probe (Chrono Boost)  
  140  11:33  Pylon, Probe (Chrono Boost)  
  140  11:42  Probe (Chrono Boost), Photon Cannon  
  139  11:50  Probe (Chrono Boost)  
  139  11:51  Probe (Chrono Boost)  
  139  12:03  Photon Cannon  
  139  12:07  Stalker x4  
  145  12:12  Probe (Chrono Boost)  
  145  12:14  Probe (Chrono Boost)  
  145  12:15  Probe x2 (Chrono Boost)  
  148  12:20  Zealot x2  
  148  12:21  Zealot x2  
  156  12:23  Probe (Chrono Boost)  
  156  12:25  Charge  
  147  12:36  Immortal x2  
  155  12:52  Zealot x4  
  155  12:53  Zealot x3  
  169  13:01  Assimilator  
  167  13:06  Assimilator  
  167  13:09  Photon Cannon  
  165  13:15  Sentry  
  165  13:16  Sentry x2  
  160  13:20  Pylon  
  160  13:21  Pylon  
  160  13:22  Probe x3 (Chrono Boost)  
  160  13:23  Pylon, Probe (Chrono Boost), Immortal  
  160  13:24  Pylon  
  160  13:25  Templar Archives  
  166  13:34  Probe (Chrono Boost)  
  166  13:35  Probe x2 (Chrono Boost)  
  166  13:36  Probe (Chrono Boost)  
  166  13:40  Zealot  
  168  13:50  Zealot x4  
  173  14:03  Probe x2 (Chrono Boost)  
  173  14:06  Probe (Chrono Boost)  
  173  14:09  High Templar x4  
  181  14:14  Archon x2  
  181  14:17  Photon Cannon  
  181  14:19  Pylon  
  181  14:20  High Templar x2  
  185  14:24  Archon  
  185  14:30  Zealot x2  
  189  14:48  Protoss Ground Weapons Level 3  
  179  14:56  High Templar x4  
  179  14:57  Zealot x4  
  195  15:01  Archon  
  175  15:26  Immortal  
  175  15:27  Immortal  
  175  15:28  Photon Cannon  
  181  15:52  High Templar x2  
  181  15:53  Zealot x3, Oracle  
  181  15:55  Archon  
  190  15:58  Archon  
  193  16:07  Immortal  
  163  16:19  Zealot  
  163  16:20  Zealot  
  165  16:31  Pylon  
  159  16:35  High Templar  
  159  16:36  Zealot, High Templar x3  
  159  16:37  Zealot  
  165  16:47  Archon  
  153  16:54  Observer  
  153  16:57  Observer  
  155  17:02  Archon  
  145  17:12  Immortal  
  145  17:15  Zealot x5  
  147  17:16  Zealot x3  
  147  17:22  Pylon  
  161  17:33  Nexus  
  156  17:44  High Templar x4  
  156  17:45  High Templar  
  156  17:46  High Templar  
  156  17:47  Zealot  
  156  17:50  Archon x2  
  156  17:51  Archon  
  170  17:57  Dark Templar  
  166  18:17  Zealot x3  
  166  18:18  Zealot x3  
  178  18:29  Zealot  
  178  18:30  Zealot  
  165  19:01  High Templar x3  
  165  19:02  High Templar x3  
  158  19:03  Zealot x2  
  158  19:05  Archon  
  158  19:06  Archon  
  158  19:07  Archon  
  156  19:13  Observer  
  145  19:25  Observer  
  145  19:28  Stalker x2  
  150  19:32  Observer  
  143  19:46  High Templar x4  
  143  19:47  Zealot x2  
  143  19:48  Immortal  
  143  19:51  Archon x2  
  156  20:16  Nexus  
  152  20:23  Oracle  
  152  20:28  Pylon  
  152  20:34  Pylon  
  155  20:49  High Templar  
  157  20:50  High Templar x3  
  157  20:52  Zealot x4  
  157  20:55  Archon x2  
  171  21:11  Photon Cannon  
  171  21:15  Dark Templar  
  171  21:17  Zealot  
  171  21:18  Zealot  
  177  21:36  Stalker  
  177  21:37  Stalker  
Show
View Real Time Build Order
Export as new Build Order

Serral Zerg 

Build Orders: Hatch First, Lurkers, Muta Ling Bane 

Get SALT Encoding   

  12  0:01  Drone  
  13  0:13  Overlord  
  13  0:18  Drone  
  14  0:32  Drone x2  
  16  0:36  Drone  
  17  0:51  Hatchery  
  17  0:55  Drone  
  17  0:58  Drone  
  18  1:09  Extractor  
  17  1:12  Spawning Pool  
  17  1:15  Drone  
  18  1:18  Drone  
  18  1:29  Drone  
  19  1:39  Overlord  
  19  1:50  Drone  
  20  1:59  Queen  
  23  2:01  Zergling x2  
  23  2:03  Queen  
  23  2:04  Zergling x2  
  26  2:08  Metabolic Boost  
  26  2:12  Drone  
  26  2:14  Drone  
  28  2:23  Drone  
  28  2:25  Drone  
  30  2:34  Drone  
  31  2:41  Hatchery  
  31  2:42  Drone  
  31  2:45  Drone  
  32  2:53  Overlord  
  32  2:57  Drone  
  33  3:00  Drone  
  33  3:04  Queen  
  35  3:12  Overlord  
  35  3:14  Zergling x4  
  35  3:16  Drone  
  35  3:19  Drone x3  
  41  3:21  Drone  
  41  3:22  Drone  
  43  3:32  Spore Crawler, Drone x2  
  43  3:33  Drone  
  45  3:41  Drone x2  
  45  3:42  Drone  
  45  3:43  Zergling x2  
  45  3:46  Spore Crawler, Drone  
  49  3:53  Queen, Drone  
  52  3:56  Zergling x2  
  52  3:58  Overlord  
  53  4:06  Spore Crawler  
  53  4:07  Zergling x4  
  53  4:11  Drone x2  
  53  4:14  Queen, Evolution Chamber  
  53  4:15  Drone x2  
  58  4:19  Zergling x2  
  58  4:20  Drone x2  
  58  4:23  Overlord  
  61  4:26  Overlord  
  61  4:29  Overlord  
  61  4:34  Drone x3  
  61  4:37  Zergling x2  
  65  4:40  Overlord  
  65  4:43  Zerg Melee Weapons Level 1  
  65  4:48  Overlord  
  65  4:50  Zergling x6  
  65  4:51  Drone  
  69  4:57  Zergling x4  
  69  4:58  Drone x3  
  69  4:59  Drone  
  75  5:03  Drone  
  75  5:04  Drone x2  
  75  5:05  Lair  
  78  5:07  Extractor  
  78  5:08  Extractor  
  78  5:09  Zergling x2  
  78  5:10  Zergling x2  
  78  5:13  Drone  
  78  5:17  Drone  
  78  5:20  Drone  
  80  5:22  Drone  
  80  5:27  Drone x2  
  79  5:29  Drone x2  
  79  5:31  Drone  
  79  5:32  Roach Warren, Drone x2  
  79  5:33  Drone  
  79  5:35  Drone  
  82  5:38  Drone x2  
  82  5:40  Drone  
  85  5:43  Drone  
  85  5:46  Overlord, Extractor x2  
  85  5:47  Zergling x2, Extractor  
  85  5:48  Hatchery  
  83  5:53  Zergling x2  
  84  5:57  Drone x2  
  84  5:58  Baneling Nest  
  84  6:03  Drone, Hydralisk Den  
  84  6:04  Drone  
  86  6:07  Spire, Drone x2  
  86  6:08  Drone  
  88  6:14  Glial Reconstitution  
  88  6:15  Zergling x10  
  93  6:21  Overlord  
  93  6:23  Overlord  
  93  6:26  Zergling x6  
  94  6:33  Zergling x4  
  94  6:34  Zergling x6  
  94  6:39  Zerg Melee Weapons Level 2  
  98  6:40  Overlord  
  98  6:50  Centrifical Hooks  
  98  7:01  Zergling x4, Roach x5  
  108  7:02  Zergling x6  
  108  7:06  Zergling x2  
  110  7:14  Zergling x8, Roach x3  
  110  7:15  Zergling x6  
  107  7:27  Zergling x2, Roach x2  
  75  7:40  Mutalisk x9  
  89  7:46  Zergling x10  
  94  7:54  Overseer  
  94  7:57  Roach x2  
  93  8:07  Drone x3  
  93  8:08  Drone  
  93  8:09  Drone x2  
  93  8:10  Drone x2  
  93  8:12  Overseer  
  101  8:19  Drone  
  102  8:20  Drone x2  
  102  8:21  Drone  
  102  8:25  Roach  
  102  8:26  Roach  
  109  8:29  Roach  
  110  8:47  Hatchery  
  109  8:49  Zergling x2  
  109  8:50  Drone  
  109  8:53  Drone x2  
  109  8:56  Drone  
  109  9:01  Drone x2  
  112  9:04  Zergling x4  
  112  9:05  Zergling x4  
  112  9:09  Overlord x2  
  116  9:26  Pneumatized Carapace  
  116  9:27  Drone x2  
  116  9:28  Drone  
  116  9:32  Drone x3  
  116  9:34  Zerg Ground Armor Level 1  
  116  9:38  Zergling x8  
  120  9:44  Zergling x4  
  122  9:54  Drone x2  
  123  10:11  Overseer  
  123  10:12  Roach x5  
  123  10:13  Hatchery, Roach  
  134  10:18  Overlord x2  
  134  10:20  Ravager x3  
  135  10:26  Overlord  
  135  10:29  Roach  
  135  10:33  Overlord  
  135  10:40  Zergling x2, Roach  
  135  10:41  Zergling x6, Roach  
  135  10:42  Ravager  
  145  10:43  Ravager x3  
  145  10:48  Zergling x10  
  145  10:49  Baneling  
  152  10:50  Baneling x9  
  152  10:52  Drone  
  152  10:53  Drone  
  154  11:00  Overlord  
  154  11:03  Drone  
  155  11:04  Drone x2  
  155  11:06  Drone  
  155  11:07  Drone  
  155  11:09  Drone  
  160  11:11  Overlord  
  160  11:12  Drone x2  
  160  11:18  Overlord  
  160  11:19  Zergling x4  
  160  11:20  Zergling x2  
  162  11:26  Queen  
  162  11:31  Ravager x10  
  162  11:32  Ravager  
  175  11:48  Baneling x13  
  175  11:52  Spine Crawler, Zergling x4  
  175  11:53  Zergling x4, Hatchery  
  177  11:55  Zergling x6  
  178  12:02  Zergling x8  
  180  12:10  Zergling x8  
  184  12:20  Zergling x26  
  189  12:28  Zergling x2  
  189  12:29  Zergling x6  
  186  12:34  Lurker Den  
  185  12:38  Zerg Missile Weapons Level 1  
  185  12:43  Baneling x14  
  185  12:51  Baneling  
  185  12:52  Baneling x13  
  185  12:55  Hatchery  
  185  12:56  Zergling x2  
  185  12:57  Zergling x24  
  198  13:08  Spine Crawler  
  196  13:21  Zergling x8  
  198  13:43  Hydralisk  
  198  13:44  Hydralisk  
  199  13:50  Extractor  
  199  13:51  Extractor  
  194  13:57  Hydralisk x4  
  195  14:09  Lurker  
  188  14:10  Hydralisk x3, Lurker  
  188  14:13  Infestation Pit  
  188  14:14  Spine Crawler x2  
  188  14:15  Spine Crawler, Queen, Drone x2  
  194  14:25  Lurker x4  
  198  14:35  Spine Crawler  
  198  14:38  Spine Crawler, Lurker x3  
  198  14:43  Lair  
  191  14:48  Mutalisk x3  
  191  14:52  Hive  
  194  14:55  Spine Crawler  
  194  14:56  Spore Crawler, Drone x3  
  180  15:19  Infestor x3  
  183  15:22  Zergling x2  
  183  15:23  Zergling x28, Hatchery  
  197  15:30  Drone x2  
  197  15:34  Zerg Ground Armor Level 2, Drone  
  200  15:40  Drone  
  200  15:42  Drone x3  
  183  15:56  Burrow  
  183  16:04  Zergling x2  
  183  16:05  Zergling x14  
  185  16:17  Zergling x2  
  185  16:18  Zergling x24  
  173  16:25  Zergling x2  
  173  16:26  Zergling x18  
  181  16:35  Overlord  
  169  16:49  Overlord  
  169  16:58  Zergling x16  
  169  16:59  Zergling x2  
  158  17:16  Zergling x12  
  158  17:17  Zergling x2  
  158  17:22  Drone x2  
  167  17:26  Hatchery  
  166  17:34  Drone x4  
  169  17:45  Corruptor  
  169  17:50  Zerg Melee Weapons Level 3  
  171  17:52  Corruptor  
  171  17:55  Corruptor  
  175  18:05  Drone x2  
  174  18:06  Infestor, Corruptor  
  163  18:31  Greater Spire  
  162  18:37  Zergling x2  
  162  18:38  Zergling x16  
  132  19:20  Corruptor x2  
  116  19:27  Overseer  
  105  20:03  Hatchery  
  96  20:32  Brood Lord  
  98  20:55  Brood Lord  

Tags
 
Add a new tag
Caveats
  • Supply blocks, unpowered buildings, or Contaminate may cause inaccurate times.
  • Supply counts are checked every 10 seconds.